 Dungeon Crawl Stone Soup version 0.30-a0-691-g754fce4c43 (webtiles) character file.

Game seed: 998369100621502197

592 CrazyBamboolord the Insei (level 7, -3/40 (45) HPs)
             Began as an Octopode Transmuter on Jan 19, 2023.
             Slain by a bullfrog (7 damage)
             ... on level 6 of the Dungeon.
             The game lasted 00:10:52 (3680 turns).

CrazyBamboolord the Insei (Octopode Transmuter)     Turns: 3680, Time: 00:10:52

HP:   -3/40 (45)    AC:  1    Str: 10    XL:     7   Next: 39%
MP:   12/12         EV: 13    Int: 17    God:
Gold: 198           SH:  0    Dex: 12    Spells: 7/13 levels left

rFire   . . .      SeeInvis .      - Unarmed
rCold   . . .      Faith    .    (no shield)
rNeg    . . .      Spirit   .    (helmet restricted)
rPois   .          Reflect  .    g - amulet of regeneration
rElec   .          Harm     .    j - ring of resist corrosion
rCorr   +          Rampage  .    (no ring)
Will    .....                    (no ring)
Stlth   +++                      (no ring)
HPRegen 1.06/turn                (no ring)
MPRegen 0.13/turn                (no ring)
                                 (no ring)
                                 (no ring)

@: hasted, heavily drained, very quick
A: almost no armour, amphibious, 8 rings, camouflage 1, gelatinous body 1,
(nimble swimmer 1), tentacles
a: no special abilities


You were on level 6 of the Dungeon.
You visited 1 branch of the dungeon, and saw 8 of its levels.

You collected 198 gold pieces.

Inventory:

Missiles
 k - 2 throwing nets
 r - 6 datura-tipped darts
Jewellery
 g - an amulet of regeneration (around mantle)
 j - a ring of resist corrosion (left tentacle)
Wands
 i - a wand of polymorph (12)
Scrolls
 b - a scroll of brand weapon
 c - a scroll of vulnerability {unknown}
 d - 2 scrolls of fog
 f - 2 scrolls of magic mapping
 l - a scroll of fear {unknown}
 o - a scroll of enchant armour {unknown}
 p - a scroll of immolation {unknown}
 q - a scroll of enchant weapon {unknown}
Potions
 a - a potion of lignification
 e - a potion of haste
 h - 2 potions of brilliance
 m - a potion of curing {unknown}
 n - a potion of attraction {unknown}


   Skills:
 * Level 2.3 Fighting
 * Level 3.2 Dodging
 + Level 2.8 Stealth
 * Level 5.0 Unarmed Combat
 * Level 3.5 Spellcasting
 * Level 3.6 Transmutations
 * Level 2.1 Poison Magic


You had 7 spell levels left.
You knew the following spells:

 Your Spells              Type           Power      Damage    Failure   Level
a - Beastly Appendage     Tmut           30%        N/A       3%          1
b - Wereblood             Tmut           15%        N/A       5%          2
c - Spider Form           Tmut/Pois      12%        N/A       16%         3

Your spell library contained the following spells:

 Spells                   Type           Power      Damage    Failure   Level
 Ice Form                 Ice/Tmut       9%         N/A       61%         4
 Summon Cactus Giant      Summ           1%         N/A       100%        6
 Spellforged Servitor     Conj/Summ      1%         N/A       100%        7


Dungeon Overview and Level Annotations

Branches:
Dungeon (8/15)             Temple (0/1) D:5
   Lair: D:8-11

Altars:
Cheibriados
Dithmenos
Gozag
Kikubaaqudgha
Wu Jian

Annotations:
D:3 2 transporters


Innate Abilities, Weirdness & Mutations

You cannot wear most types of armour.
You are amphibious.
You can wear up to eight rings at the same time.
Your skin changes colour to match your surroundings (Stealth+).
Your rubbery body absorbs attacks. (AC +1, EV +1)
((You are camouflaged when in or above water. (Stealth+)))
You have tentacles for arms and can constrict up to eight enemies at once.


Message History

Found 14 gold pieces.
Found a stone staircase leading up.
The necrophage attacks as you move away!
The necrophage hits you.
You feel drained.
A bullfrog comes into view.
The necrophage attacks as you move away!
The necrophage hits you.
* * * LOW HITPOINT WARNING * * *
Found a robe.
Found a stone staircase leading down.
The bullfrog gives a loud, deep croak!
The white imp lashes its tail.
A jelly comes into view.
Found a scroll of identify.
The jelly quivers.
The necrophage attacks as you move away!
The necrophage misses you. The bullfrog completely misses you.
The bullfrog misses you. The bullfrog attacks as you move away!
The bullfrog completely misses you.
Your transformation has ended.
The bullfrog hits you.
* * * LOW HITPOINT WARNING * * *
The bullfrog closely misses you.
The necrophage attacks as you move away!
The necrophage barely misses you.
You see here 14 gold pieces.
Found a dark potion.
The bullfrog hits you!
* * * LOW HITPOINT WARNING * * *
The bullfrog closely misses you.
There is a stone staircase leading up, spattered with blood here.
The bullfrog closely misses you. The necrophage closely misses you.
The jelly closely misses you.
You climb upwards.
Reactivating autopickup.
There is a stone staircase leading down here.
As you read the scroll labelled CYZXUF WUZUICI, it crumbles to dust.
You feel aware of your surroundings.
It was a scroll of magic mapping.
The bullfrog hits you.
* * * LOW HITPOINT WARNING * * *
The bullfrog misses you. The necrophage completely misses you.
It was a potion of haste.
You feel yourself speed up. The bullfrog hits you!
You die...

*,,,,,,,,,,,,,,**
**,**,,,,,,***,,*
*,**,,,,,,,***,*
###,**,,,,,,,***,*
#..,,,******,,,,,,
#.#,,,*** *****,,
#.#*,,,,** *,, #F#*,**,,*
**, #@#*,,**,* **,
#n#**,**,*******,, #J#
*,**,*,,,,,,,, #.#
*,**,*,***,,,, ****** #.#
*,,,,,,,,,,,,,
*,,,,**#.#**,,*,,,*,,,,,,
*,,,,**..#*,,^,,,,*,,,,,,
*,,,,,>.S.,,,***,**,,,,,,
*,,,,,*,****,***,**,,,,,,


You could see a necrophage, a bullfrog, a jelly and an adder (asleep).

Vanquished Creatures
  2 orc warriors (D:7)
  A centaur (D:5)
  2 jellies (D:4)
  A hound (D:4)
  An orc wizard (D:4)
  3 gnolls (D:4)
  8 adders
  2 worms
  2 dart slugs
  7 orcs
  5 endoplasms
  5 giant cockroaches
  8 goblins
  5 hobgoblins
  2 jackals (D:1)
  5 kobolds
  3 quokkas
  12 ball pythons
  7 bats
  3 frilled lizards
  9 rats
93 creatures vanquished.

Vanquished Creatures (others)
  2 plants (D:5)
2 creatures vanquished.

Grand Total: 95 creatures vanquished

Notes
Turn   | Place    | Note
-------+----------+-------------------------------------------
     0 | D:1      | CrazyBamboolord the Octopode Transmuter began the quest for
                  | the Orb.
     0 | D:1      | Reached XP level 1. HP: 13/13 MP: 3/3
   136 | D:1      | Reached XP level 2. HP: 18/18 MP: 3/5
   500 | D:1      | Found a faded altar of an unknown god.
   626 | D:1      | Reached XP level 3. HP: 23/23 MP: 4/6
   647 | D:1      | Learned a level 2 spell: Wereblood
   962 | D:2      | Reached skill level 1 in Stealth
  1055 | D:2      | Reached XP level 4. HP: 24/28 MP: 7/7
  1088 | D:2      | Identified the +0 robe of Valiance {Contam Int+9}
  1610 | D:2      | Learned a level 3 spell: Spider Form
  1632 | D:3      | Found a transporter.
  1671 | D:3      | Found an ornate altar of the Wu Jian Council.
  1860 | D:3      | Noticed a small abomination
  1862 | D:3      | Noticed a toenail golem
  1879 | D:3      | Found a transporter.
  1888 | D:3      | Noticed a small abomination
  2102 | D:3      | Reached XP level 5. HP: 33/33 MP: 6/8
  2136 | D:3      | Noticed a kobold brigand
  2381 | D:4      | Reached skill level 4 in Unarmed Combat
  2489 | D:4      | Found an ancient bone altar of Kikubaaqudgha.
  2499 | D:4      | Found an opulent altar of Gozag.
  2934 | D:4      | Got Sif Muna's Discursus on Company
  2955 | D:4      | Reached skill level 1 in Poison Magic
  2957 | D:4      | Reached XP level 6. HP: 13/39 MP: 10/10
  3388 | D:5      | Entered Level 5 of the Dungeon
  3462 | D:5      | Found a staircase to the Ecumenical Temple.
  3550 | D:5      | You fall into a shaft and drop 3 floors!
  3559 | D:7      | Found a snail-covered altar of Cheibriados.
  3577 | D:7      | Found a shadowy altar of Dithmenos.
  3579 | D:7      | Noticed an orc warrior
  3579 | D:7      | Noticed a vampire
  3595 | D:7      | Killed an orc warrior
  3596 | D:7      | Reached XP level 7. HP: 41/45 MP: 8/12
  3638 | D:7      | Reached skill level 5 in Unarmed Combat
  3680 | D:6      | Slain by a bullfrog

Illustrated notes

Levels and vault maps discovered:
D:1:      ebering_trefoil_twist, layout_basic, basic_ecumenical_altar
D:2:      layout_basic
D:3:      layout_basic, overflow_temple_1_default,
          gammafunk_ghost_abyssal_escape
D:4:      minmay_chambers_of_threes, layout_loops_corners,
          nicolae_overflow_crystal_walls, nicolae_gozag_seed_capital
D:5:      layout_basic, zin_angel, minmay_temple_entry_gardened_gates
D:6:      layout_rooms, chequers_serial_rivers_small_a
D:7:      hangedman_cross_stitches, layout_gridville, cheibriados_altar_1,
          hangedman_feature_mirror
D:8:      layout_gridville, erik_lair_orcish_takeover, sigmund_army

Skill      XL: |  1  2  3  4  5  6  7 |
---------------+----------------------+-----
Stealth        | 1 2 |  2.8
Unarmed Combat | 4 5 |  5.0
Transmutations | 3 |  3.6
Poison Magic   | 1 2 |  2.1
Spellcasting   | 3 |  3.5
Fighting       | 2 |  2.3
Dodging        | 3 |  3.2

Action                   |  1- 3 |  4- 6 |  7- 9 || total
-------------------------+-------+-------+-------++-------
Melee: Unarmed           |    72 |   140 |    18 ||   230
       Constrict         |    15 |    33 |       ||    48
       Kick              |    20 |    39 |       ||    59
       Tentacles         |    11 |    20 |       ||    31
       Punch             |     2 |     7 |       ||     9
 Cast: Beastly Appendage |    21 |    33 |       ||    54
       Wereblood         |       |     2 |       ||     2
       Spider Form       |       |       |     2 ||     2
  Use: Scroll            |       |     3 |     1 ||     4
       Potion            |       |     2 |     1 ||     3
 Stab: Sleeping          |     6 |     9 |       ||    15
       Distracted        |       |     1 |       ||     1
Armor: Skin              |     8 |    11 |     1 ||    20
Dodge: Dodged            |    66 |    78 |    28 ||   172

Table legend: (Time is in decaauts)
 A = Elapsed time spent in this place.
 B = Non-inter-level travel time spent in this place.
 C = Inter-level travel time spent in this place.
 D = Time resting spent in this place.
 E = Time spent auto-exploring this place.
 F = Levels seen in this place.
 G = Mean time per level.
                   A        B        C        D        E       F      G
               +--------+--------+--------+--------+--------+-----+--------+
         Total |   3661 |   3496 |    165 |    114 |   2665 |   8 |  457.6 |
       Dungeon |   3661 |   3496 |    165 |    114 |   2665 |   8 |  457.6 |
               +--------+--------+--------+--------+--------+-----+--------+

Top non-repeatable levels by time:
     D:4: 1073 daAuts
     D:2: 933 daAuts
     D:1: 690 daAuts
     D:3: 675 daAuts
     D:5: 161 daAuts
     D:7: 116 daAuts
     D:8: 8 daAuts
     D:6: 1 daAuts
